AoeStats
← Joaquito

Arena

505166978Analyzed
4v4 RM · 24d ago on Sep 8, 2026· 27m 46s· 8 players
Game mode
Random Map
Map size
Large (8 player)
Population
200
Speed
Normal
Resources
Standard
Victory
Conquest
Starting age
Dark Age
Ending age
Imperial Age
RankedLock teamsTeams togetherTeam positionsShared explorationLock speedFull tech treeHidden civsTurbo modeCheats
Victory
Defeat
🇦🇷 Vikings · Argentina
1074
+12
🇨🇱 Shu · Chile
1053
+13
🇨🇱 Cumans · Chile
947
+17
🇨🇱 Bohemians · Chile
946
+17
🇦🇷 Goths · Argentina
1013
-16
🇨🇴 Italians · Colombia
1012
-16
🇨🇳 Berbers · China
972
-15
🇺🇸 Cumans · United States
913
-12
MikeMeanMachine
11:50 Feudal Age
15:35 Castle Age
13:32 Double-Bit Axe
17:59 Wheelbarrow
.:sTeeL:.
4:21 Loom
12:27 Feudal Age
13:48 Wheelbarrow
13:01 Double-Bit Axe
12:59 Horse Collar
20:40 Castle Age
19:48 Stone Mining
19:51 Gold Mining
21:13 Forging
21:04 Scale Mail Armor
20:29 Man-at-Arms
21:08 Long Swordsman
21:48 Squires
you go die
0:58 Loom
11:55 Feudal Age
13:15 Double-Bit Axe
16:48 Castle Age
15:02 Gold Mining
15:17 Horse Collar
15:49 Stone Mining
beinl
10:59 Feudal Age
12:45 Loom
17:06 Castle Age
15:23 Double-Bit Axe
15:53 Stone Mining
cacadecaca38
4:07 Loom
10:43 Feudal Age
11:32 Man-at-Arms
20:24 Horse Collar
20:37 Arson
28:38 Castle Age
Joaquito
10:21 Feudal Age
11:24 Double-Bit Axe
13:46 Gold Mining
15:29 Fletching
19:19 Horse Collar
21:48 Loom
24:16 Castle Age
24:34 Crossbowman
25:23 Thumb Ring
25:46 Bodkin Arrow
25:51 Padded Archer Armor
26:12 Bow Saw
26:18 Crossbowman
28:58 Gold Shaft Mining
Arzzeus
10:43 Feudal Age
11:34 Double-Bit Axe
16:15 Castle Age
17:15 Bow Saw
19:32 Chemistry
21:35 Wagenburg Tactics
21:40 Horse Collar
24:18 Heavy Plow
26:14 Wheelbarrow
29:48 Imperial Age
Federati
9:28 Feudal Age
10:11 Horse Collar
10:20 Double-Bit Axe
15:38 Loom
18:05 Castle Age
18:31 Scale Mail Armor
18:41 Forging
23:28 Chain Mail Armor
Connection lost

Rejoining the realm…

Still unreachable

The connection could not be restored.

Session expired

The server has moved on; the page needs a fresh start.